[ PARTIDA AOE2 · #487817644 ]
UnrankedGeorgianos vs Byzantines
[ ANÁLISIS DE REPETICIÓN · EXTRAÍDO DE LA PARTIDA GRABADA ]
Feudal
8:47
Castillos
12:20
Imperial
30:18
| APM promedio | 19.9 |
| APM pico | 62 |
| eAPM promedio | 12.7 |
| Aldeanos / militares | 155 / 435 |
Foco
⚔️ 38.3% · 🌾 61.7%
Scout Cavalry ×317 · Monaspa ×115 · Trade Cart ×15 · Monk ×2 · Trebuchet (Packed) ×1
Feudal
7:12
Castillos
14:57
Imperial
29:13
| APM promedio | 40.9 |
| APM pico | 87 |
| eAPM promedio | 21.6 |
| Aldeanos / militares | 131 / 217 |
Foco
⚔️ 23.1% · 🌾 76.9%
Hand Cannoneer ×141 · Skirmisher ×35 · Bombard Cannon ×21 · Organ Gun ×16 · Trade Cart ×5 · Mangonel ×2
Feudal
8:26
Castillos
11:59
Imperial
27:31
| APM promedio | 31.5 |
| APM pico | 64 |
| eAPM promedio | 17.7 |
| Aldeanos / militares | 180 / 347 |
Foco
⚔️ 37.2% · 🌾 62.8%
Spearman ×195 · Archer ×102 · Trade Cart ×44 · Bombard Cannon ×30 · Skirmisher ×10 · Trebuchet (Packed) ×6
Feudal
8:05
Castillos
12:16
Imperial
25:21
| APM promedio | 25.0 |
| APM pico | 54 |
| eAPM promedio | 13.4 |
| Aldeanos / militares | 107 / 299 |
Foco
⚔️ 28.4% · 🌾 71.6%
Steppe Lancer ×228 · Mangudai ×57 · Trade Cart ×23 · Trebuchet (Packed) ×8 · Battering Ram ×6
Feudal
8:00
Castillos
12:21
Imperial
25:37
| APM promedio | 25.0 |
| APM pico | 69 |
| eAPM promedio | 15.3 |
| Aldeanos / militares | 117 / 590 |
Foco
⚔️ 42.9% · 🌾 57.1%
Scout Cavalry ×466 · Scorpion ×117 · Trebuchet (Packed) ×5 · Spearman ×2
Feudal
9:34
Castillos
14:47
Imperial
29:49
| APM promedio | 35.8 |
| APM pico | 91 |
| eAPM promedio | 21.9 |
| Aldeanos / militares | 114 / 443 |
Foco
⚔️ 36.5% · 🌾 63.5%
Spearman ×293 · Woad Raider ×95 · Battering Ram ×28 · Mangonel ×25 · Trade Cart ×14 · Trebuchet (Packed) ×2
Feudal
7:38
Castillos
12:59
Imperial
35:05
| APM promedio | 23.7 |
| APM pico | 48 |
| eAPM promedio | 14.1 |
| Aldeanos / militares | 163 / 323 |
Foco
⚔️ 28.8% · 🌾 71.2%
Tarkan ×228 · Scout Cavalry ×95 · Trade Cart ×13
Feudal
7:38
Castillos
11:36
Imperial
25:34
| APM promedio | 24.0 |
| APM pico | 63 |
| eAPM promedio | 16.2 |
| Aldeanos / militares | 148 / 754 |
Foco
⚔️ 36.6% · 🌾 63.4%
Knight ×355 · Spearman ×290 · Scout Cavalry ×105 · Trade Cart ×19 · Bombard Cannon ×3 · Monk ×1
Mapa de la partida
Recursos iniciales + cada clic de construcción. Líneas = muros · curvas = relieve. ◆ oro · ⬟ piedra · ● bayas · ✦ reliquia · ◌ hueco del cierre
Tu base· ✓ Cerrada en 12:20 · 0t muro · 7 puerta(s)
Base de Canderous Ordo· ✓ Cerrada en 14:57 · 0t muro · 7 puerta(s)
Base de Noël Flantier· ✓ Cerrada en 11:59 · 0t muro · 6 puerta(s)
Base de Blondie· ✓ Cerrada en 12:16 · 0t muro · 6 puerta(s)
Base de fuzzzy83· ✓ Cerrada en 12:21 · 0t muro · 7 puerta(s)
Base de BlueStaR· ✓ Cerrada en 14:47 · 0t muro · 6 puerta(s)
Base de Antjies· ✓ Cerrada en 12:59 · 0t muro · 5 puerta(s)
Base de Faufau· ✓ Cerrada en 11:36 · 0t muro · 7 puerta(s)
Terreno inicial suavizado · ◌ = hueco del cierre detectado · pasá el cursor para detalles
Inputs por minuto
— [AJJRR] Minillop - - Canderous Ordo
Build order — [AJJRR] Minillop
Primeras 150 de 426 acciones detectadas
| 0:17 | Construir | Mill |
| 0:21 | Crear | Villager (Male) |
| 0:21 | Crear | Villager (Male) |
| 0:22 | Crear | Villager (Male) |
| 0:22 | Crear | Villager (Male) |
| 0:22 | Crear | Villager (Male) |
| 1:10 | Crear | Villager (Male) |
| 1:43 | Crear | Villager (Male) |
| 2:00 | Crear | Villager (Male) |
| 2:57 | Crear | Villager (Male) |
| 3:14 | Crear | Villager (Male) |
| 3:14 | Crear | Villager (Male) |
| 3:14 | Crear | Villager (Male) |
| 3:15 | Crear | Villager (Male) |
| 4:31 | Crear | Villager (Male) |
| 5:26 | Construir | Mule Cart |
| 5:34 | Crear | Villager (Male) |
| 5:34 | Crear | Villager (Male) |
| 5:36 | Investigar | Feudal Age |
| 6:33 | Construir | Barracks |
| 6:47 | Construir | Farm |
| 6:58 | Investigar | Loom |
| 6:59 | Crear | Villager (Male) |
| 6:59 | Crear | Villager (Male) |
| 8:47 | Edad | Edad Feudal |
| 8:49 | Construir | Market |
| 8:55 | Construir | Blacksmith |
| 9:40 | Investigar | Castle Age |
| 9:56 | Investigar | Horse Collar |
| 10:04 | Construir | Farm |
| 10:10 | Construir | Farm |
| 10:16 | Construir | Farm |
| 10:21 | Construir | Farm |
| 10:30 | Construir | Farm |
| 10:38 | Investigar | Double-Bit Axe |
| 12:20 | Edad | Edad de los Castillos |
| 12:23 | Construir | Town Center |
| 12:31 | Crear | Villager (Male) |
| 12:32 | Crear | Villager (Male) |
| 12:47 | Investigar | Town Watch |
| 12:52 | Crear | Monaspa |
| 12:52 | Crear | Monaspa |
| 13:52 | Construir | Town Center |
| 14:05 | Crear | Villager (Male) ×5 |
| 14:14 | Crear | Villager (Male) ×4 |
| 15:00 | Investigar | Heavy Plow |
| 15:02 | Crear | Villager (Male) |
| 15:11 | Investigar | Bow Saw |
| 15:20 | Construir | Farm |
| 15:32 | Construir | Farm |
| 15:34 | Crear | Villager (Male) ×2 |
| 15:55 | Crear | Villager (Male) |
| 15:59 | Crear | Villager (Male) |
| 16:07 | Construir | Monastery |
| 16:18 | Crear | Villager (Male) |
| 16:43 | Construir | Town Center |
| 16:57 | Crear | Villager (Male) ×3 |
| 16:58 | Crear | Villager (Male) |
| 17:19 | Construir | Stone Wall |
| 17:28 | Crear | Villager (Male) ×2 |
| 17:54 | Crear | Villager (Male) ×3 |
| 18:15 | Crear | Villager (Male) |
| 18:17 | Crear | Villager (Male) |
| 18:26 | Construir | Mill |
| 18:27 | Construir | Farm |
| 18:27 | Construir | Farm |
| 18:27 | Construir | Farm |
| 18:28 | Construir | Farm |
| 18:28 | Construir | Farm |
| 18:35 | Crear | Villager (Male) |
| 18:37 | Crear | Villager (Male) |
| 18:43 | Construir | Farm |
| 18:43 | Construir | Farm |
| 18:43 | Construir | Farm |
| 18:43 | Construir | Farm |
| 18:43 | Construir | Farm |
| 18:49 | Construir | Farm |
| 18:49 | Construir | Farm |
| 18:49 | Construir | Farm |
| 18:52 | Crear | Villager (Male) ×2 |
| 19:10 | Construir | University |
| 19:24 | Crear | Villager (Male) ×2 |
| 19:27 | Crear | Villager (Male) |
| 19:40 | Construir | Farm |
| 19:40 | Construir | Farm |
| 19:40 | Construir | Farm |
| 19:47 | Construir | Farm |
| 19:51 | Construir | Farm |
| 19:53 | Crear | Villager (Male) ×3 |
| 20:00 | Construir | House |
| 20:01 | Construir | House |
| 20:03 | Construir | House |
| 20:22 | Construir | House |
| 20:23 | Construir | House |
| 20:23 | Construir | House |
| 20:25 | Construir | House |
| 20:34 | Construir | Monastery |
| 20:35 | Crear | Monk |
| 20:49 | Construir | Stone Wall |
| 20:56 | Crear | Villager (Male) ×5 |
| 21:10 | Construir | Castle |
| 21:14 | Construir | Mule Cart |
| 21:20 | Crear | Villager (Male) ×5 |
| 21:26 | Investigar | Fletching |
| 22:00 | Construir | Farm |
| 22:01 | Crear | Villager (Male) ×5 |
| 22:01 | Crear | Villager (Male) ×5 |
| 22:01 | Crear | Villager (Male) ×4 |
| 22:11 | Construir | House |
| 22:13 | Construir | House |
| 22:14 | Construir | House |
| 22:14 | Construir | House |
| 22:15 | Construir | House |
| 22:16 | Construir | House |
| 22:54 | Investigar | Bodkin Arrow |
| 23:02 | Crear | Villager (Male) ×5 |
| 23:11 | Investigar | Ballistics |
| 23:13 | Investigar | Fortified Wall (upgrade) |
| 23:17 | Crear | Villager (Male) |
| 23:20 | Crear | Villager (Male) |
| 23:23 | Crear | Villager (Male) |
| 23:42 | Investigar | Gold Mining |
| 23:44 | Crear | Villager (Male) ×2 |
| 23:46 | Crear | Villager (Male) |
| 23:56 | Construir | Farm |
| 23:56 | Construir | Farm |
| 23:56 | Construir | Farm |
| 23:57 | Construir | Farm |
| 23:57 | Construir | Farm |
| 23:57 | Construir | Farm |
| 23:57 | Construir | Farm |
| 24:08 | Crear | Villager (Male) ×3 |
| 24:20 | Investigar | Wheelbarrow |
| 24:44 | Construir | Castle |
| 24:47 | Construir | Mule Cart |
| 24:55 | Crear | Villager (Male) ×5 |
| 25:13 | Investigar | Scale Barding Armor |
| 25:16 | Investigar | Forging |
| 25:33 | Crear | Villager (Male) ×5 |
| 25:40 | Construir | Farm |
| 25:40 | Construir | Farm |
| 25:41 | Construir | Farm |
| 25:41 | Construir | Farm |
| 25:41 | Construir | Farm |
| 25:41 | Construir | Farm |
| 25:41 | Construir | Farm |
| 25:42 | Construir | Farm |
| 25:42 | Construir | Farm |
| 26:06 | Crear | Villager (Male) ×5 |
| 26:06 | Crear | Villager (Male) ×2 |
Build order — Canderous Ordo
Primeras 150 de 424 acciones detectadas
| 0:01 | Crear | Villager (Male) |
| 0:01 | Crear | Villager (Male) |
| 0:07 | Construir | Lumber Camp |
| 0:16 | Crear | Villager (Male) |
| 0:17 | Crear | Villager (Male) |
| 0:33 | Construir | Mill |
| 1:39 | Crear | Villager (Male) |
| 1:55 | Crear | Villager (Male) |
| 2:13 | Crear | Villager (Male) |
| 2:38 | Construir | House |
| 2:41 | Construir | House |
| 3:02 | Crear | Villager (Male) |
| 3:24 | Crear | Villager (Male) |
| 3:26 | Crear | Villager (Male) |
| 4:08 | Construir | Mining Camp |
| 4:17 | Crear | Villager (Male) |
| 4:21 | Investigar | Loom |
| 4:35 | Construir | Farm |
| 4:36 | Construir | Farm |
| 4:45 | Investigar | Feudal Age |
| 5:41 | Construir | House |
| 6:27 | Crear | Villager (Male) |
| 6:27 | Crear | Villager (Male) |
| 7:12 | Edad | Edad Feudal |
| 7:13 | Investigar | Horse Collar |
| 7:14 | Investigar | Double-Bit Axe |
| 7:18 | Construir | Farm |
| 7:23 | Construir | Farm |
| 7:25 | Construir | Farm |
| 7:29 | Construir | Farm |
| 7:31 | Construir | Farm |
| 7:51 | Crear | Villager (Male) |
| 8:08 | Construir | Lumber Camp |
| 8:18 | Crear | Villager (Male) |
| 8:35 | Construir | Mining Camp |
| 8:38 | Crear | Villager (Male) |
| 8:39 | Crear | Villager (Male) |
| 9:19 | Construir | Blacksmith |
| 9:40 | Crear | Villager (Male) |
| 10:04 | Construir | Archery Range |
| 10:07 | Crear | Villager (Male) |
| 10:12 | Construir | House |
| 10:13 | Construir | House |
| 10:24 | Crear | Villager (Male) |
| 10:32 | Construir | Farm |
| 10:37 | Construir | Farm |
| 10:57 | Crear | Villager (Male) |
| 11:02 | Construir | Farm |
| 11:27 | Crear | Villager (Male) |
| 11:41 | Construir | Farm |
| 11:46 | Crear | Villager (Male) |
| 12:04 | Investigar | Castle Age |
| 12:41 | Investigar | Stone Mining |
| 13:10 | Investigar | Gold Mining |
| 14:10 | Crear | Villager (Male) |
| 14:57 | Edad | Edad de los Castillos |
| 14:58 | Crear | Organ Gun |
| 15:00 | Investigar | Bow Saw |
| 15:02 | Investigar | Heavy Plow |
| 15:06 | Construir | Farm |
| 15:09 | Crear | Villager (Male) |
| 15:28 | Construir | Castle |
| 15:32 | Construir | Mining Camp |
| 15:36 | Crear | Villager (Male) |
| 15:41 | Crear | Organ Gun |
| 15:41 | Crear | Organ Gun |
| 15:46 | Construir | University |
| 15:47 | Construir | House |
| 16:07 | Crear | Villager (Male) |
| 16:20 | Construir | Town Center |
| 16:31 | Crear | Organ Gun |
| 16:33 | Crear | Villager (Male) |
| 16:45 | Construir | Farm |
| 17:01 | Crear | Organ Gun |
| 17:03 | Crear | Villager (Male) |
| 17:14 | Crear | Villager (Male) |
| 17:24 | Construir | Lumber Camp |
| 17:39 | Crear | Organ Gun |
| 17:41 | Crear | Villager (Male) |
| 17:50 | Crear | Villager (Male) |
| 17:50 | Crear | Villager (Male) |
| 17:57 | Construir | Farm |
| 17:59 | Crear | Villager (Male) |
| 18:20 | Crear | Organ Gun |
| 18:21 | Crear | Villager (Male) |
| 18:35 | Construir | Stone Wall |
| 19:18 | Crear | Organ Gun |
| 19:19 | Crear | Villager (Male) |
| 19:20 | Crear | Villager (Male) |
| 19:21 | Investigar | Wheelbarrow |
| 19:22 | Crear | Villager (Male) |
| 19:29 | Construir | Town Center |
| 19:38 | Construir | Farm |
| 19:41 | Crear | Villager (Male) |
| 20:21 | Crear | Villager (Male) |
| 20:22 | Crear | Villager (Male) |
| 20:25 | Crear | Organ Gun |
| 20:26 | Crear | Villager (Male) |
| 20:33 | Crear | Villager (Male) |
| 20:36 | Crear | Villager (Male) |
| 20:38 | Investigar | Town Watch |
| 20:56 | Crear | Villager (Male) |
| 20:57 | Crear | Villager (Male) |
| 21:00 | Crear | Villager (Male) |
| 21:27 | Crear | Villager (Male) |
| 21:30 | Construir | Farm |
| 21:32 | Construir | Farm |
| 21:37 | Construir | Farm |
| 21:38 | Construir | Farm |
| 21:41 | Investigar | Treadmill Crane |
| 22:11 | Crear | Villager (Male) |
| 22:12 | Crear | Villager (Male) |
| 22:13 | Crear | Villager (Male) |
| 22:21 | Construir | Farm |
| 22:22 | Construir | Farm |
| 22:22 | Construir | Farm |
| 22:22 | Construir | Farm |
| 22:24 | Crear | Villager (Male) |
| 22:29 | Construir | Farm |
| 22:32 | Construir | Farm |
| 22:43 | Crear | Villager (Male) |
| 22:44 | Crear | Villager (Male) |
| 22:44 | Crear | Villager (Male) |
| 22:47 | Construir | Farm |
| 22:58 | Construir | Siege Workshop |
| 23:03 | Crear | Villager (Male) |
| 23:03 | Crear | Villager (Male) |
| 23:09 | Construir | Farm |
| 23:18 | Construir | Farm |
| 23:20 | Construir | Farm |
| 23:23 | Construir | House |
| 23:24 | Construir | House |
| 23:30 | Construir | Market |
| 23:31 | Construir | House |
| 23:32 | Construir | House |
| 23:36 | Construir | Farm |
| 23:39 | Construir | Farm |
| 23:40 | Crear | Villager (Male) |
| 23:44 | Crear | Battering Ram |
| 23:49 | Crear | Mangonel |
| 23:54 | Construir | Monastery |
| 23:58 | Investigar | Tech 1404 |
| 24:00 | Crear | Villager (Male) |
| 24:00 | Crear | Villager (Male) |
| 24:06 | Construir | Mining Camp |
| 24:08 | Crear | Villager (Male) |
| 24:09 | Investigar | Hand Cart |
| 24:16 | Construir | Farm |
| 24:17 | Construir | Farm |
| 24:23 | Crear | Villager (Male) |
Build order — Noël Flantier
Primeras 150 de 450 acciones detectadas
| 0:00 | Crear | Villager (Male) |
| 0:17 | Construir | Mill |
| 0:24 | Crear | Villager (Male) |
| 0:33 | Crear | Villager (Male) |
| 0:41 | Crear | Villager (Male) |
| 0:59 | Crear | Villager (Male) |
| 1:43 | Crear | Villager (Male) |
| 2:11 | Crear | Villager (Male) |
| 2:23 | Crear | Villager (Male) |
| 2:24 | Crear | Villager (Male) |
| 2:33 | Crear | Villager (Male) |
| 2:33 | Crear | Villager (Male) |
| 2:33 | Crear | Villager (Male) |
| 2:35 | Construir | Lumber Camp |
| 2:55 | Crear | Villager (Male) |
| 3:02 | Crear | Villager (Male) |
| 3:41 | Crear | Villager (Male) |
| 4:50 | Construir | Farm |
| 5:11 | Construir | Farm |
| 5:44 | Construir | Lumber Camp |
| 5:54 | Investigar | Feudal Age |
| 6:15 | Construir | Mining Camp |
| 6:50 | Construir | Farm |
| 7:19 | Construir | Farm |
| 8:19 | Crear | Villager (Male) |
| 8:20 | Crear | Villager (Male) |
| 8:26 | Edad | Edad Feudal |
| 8:28 | Construir | Market |
| 8:32 | Construir | Blacksmith |
| 9:19 | Investigar | Castle Age |
| 9:24 | Construir | Farm |
| 10:02 | Investigar | Horse Collar |
| 10:11 | Investigar | Double-Bit Axe |
| 11:33 | Crear | Villager (Male) |
| 11:59 | Edad | Edad de los Castillos |
| 12:02 | Construir | Town Center |
| 12:11 | Construir | Town Center |
| 12:13 | Crear | Villager (Male) |
| 12:17 | Investigar | Bow Saw |
| 12:44 | Crear | Villager (Male) |
| 13:01 | Investigar | Heavy Plow |
| 13:01 | Investigar | Heavy Plow |
| 13:16 | Crear | Villager (Male) |
| 13:17 | Crear | Villager (Male) |
| 13:20 | Crear | Villager (Male) |
| 13:24 | Construir | Farm |
| 13:30 | Construir | Farm |
| 13:36 | Crear | Villager (Male) |
| 13:46 | Construir | Farm |
| 13:59 | Crear | Villager (Male) |
| 14:06 | Construir | Farm |
| 14:08 | Construir | Farm |
| 14:11 | Construir | Farm |
| 14:14 | Investigar | Loom |
| 14:26 | Crear | Villager (Male) ×2 |
| 14:33 | Construir | Farm |
| 14:36 | Construir | Farm |
| 14:39 | Crear | Villager (Male) |
| 14:39 | Crear | Villager (Male) |
| 14:55 | Crear | Villager (Male) |
| 15:04 | Construir | Monastery |
| 15:13 | Crear | Villager (Male) ×2 |
| 15:28 | Construir | Farm |
| 15:29 | Construir | Farm |
| 15:30 | Crear | Villager (Male) |
| 15:33 | Crear | Villager (Male) |
| 15:33 | Crear | Villager (Male) |
| 15:39 | Construir | Farm |
| 15:44 | Construir | Farm |
| 15:50 | Crear | Villager (Male) |
| 15:52 | Crear | Monk |
| 15:57 | Construir | Farm |
| 16:01 | Crear | Villager (Male) |
| 16:01 | Crear | Villager (Male) |
| 16:09 | Construir | Farm |
| 16:09 | Construir | Farm |
| 16:14 | Crear | Villager (Male) |
| 16:15 | Crear | Villager (Male) |
| 16:26 | Construir | Lumber Camp |
| 16:29 | Crear | Villager (Male) |
| 16:34 | Crear | Villager (Male) ×2 |
| 16:35 | Crear | Villager (Male) ×2 |
| 16:39 | Crear | Monk |
| 17:01 | Crear | Villager (Male) ×3 |
| 17:08 | Construir | Farm |
| 17:11 | Construir | Farm |
| 17:15 | Construir | Farm |
| 17:16 | Construir | Farm |
| 17:18 | Crear | Villager (Male) ×2 |
| 17:18 | Crear | Villager (Male) ×2 |
| 17:30 | Construir | House |
| 17:40 | Construir | Town Center |
| 17:45 | Investigar | Wheelbarrow |
| 18:05 | Construir | Gate |
| 18:07 | Construir | Stone Wall |
| 18:09 | Crear | Villager (Male) |
| 18:09 | Crear | Villager (Male) |
| 18:13 | Crear | Villager (Male) ×2 |
| 18:16 | Construir | Farm |
| 18:22 | Construir | Farm |
| 18:24 | Construir | Farm |
| 18:26 | Crear | Villager (Male) ×3 |
| 18:39 | Construir | House |
| 18:40 | Construir | House |
| 18:41 | Construir | House |
| 18:50 | Construir | House |
| 18:51 | Construir | House |
| 18:52 | Construir | House |
| 18:52 | Construir | House |
| 18:53 | Construir | House |
| 18:54 | Construir | House |
| 18:55 | Construir | House |
| 18:57 | Crear | Villager (Male) ×4 |
| 19:05 | Construir | Farm |
| 19:08 | Construir | Farm |
| 19:09 | Crear | Villager (Male) |
| 19:30 | Crear | Villager (Male) ×5 |
| 19:38 | Construir | Farm |
| 19:47 | Construir | Gate |
| 19:50 | Construir | Stone Wall |
| 20:02 | Construir | Lumber Camp |
| 20:08 | Construir | Farm |
| 20:26 | Construir | Farm |
| 20:29 | Construir | Farm |
| 20:31 | Construir | Mill |
| 20:31 | Crear | Villager (Male) |
| 20:32 | Crear | Villager (Male) |
| 20:32 | Crear | Villager (Male) |
| 20:32 | Crear | Villager (Male) |
| 20:40 | Construir | Archery Range |
| 20:42 | Construir | Archery Range |
| 20:44 | Construir | Archery Range |
| 20:48 | Crear | Villager (Male) |
| 20:49 | Crear | Villager (Male) |
| 20:54 | Construir | Farm |
| 20:58 | Construir | Farm |
| 21:02 | Construir | Farm |
| 21:04 | Crear | Villager (Male) ×5 |
| 21:14 | Construir | House |
| 21:15 | Construir | House |
| 21:16 | Construir | House |
| 21:17 | Construir | House |
| 21:18 | Construir | House |
| 21:25 | Crear | Villager (Male) |
| 21:30 | Construir | Lumber Camp |
| 21:34 | Crear | Villager (Male) |
| 21:36 | Investigar | Gold Mining |
| 21:36 | Investigar | Stone Mining |
| 21:38 | Crear | Villager (Male) ×5 |
| 21:39 | Crear | Villager (Male) ×2 |
Build order — Blondie
Primeras 150 de 398 acciones detectadas
| 0:05 | Crear | Villager (Male) |
| 0:05 | Crear | Villager (Male) |
| 0:05 | Crear | Villager (Male) |
| 0:11 | Crear | Villager (Male) |
| 0:15 | Construir | Lumber Camp |
| 0:40 | Construir | Mill |
| 1:04 | Crear | Villager (Male) |
| 1:38 | Crear | Villager (Male) |
| 1:49 | Crear | Villager (Male) |
| 2:15 | Construir | Farm |
| 2:16 | Crear | Villager (Male) |
| 2:17 | Crear | Villager (Male) |
| 2:40 | Construir | Farm |
| 2:42 | Crear | Villager (Male) |
| 2:51 | Crear | Villager (Male) |
| 3:18 | Crear | Villager (Male) |
| 3:29 | Crear | Villager (Male) |
| 3:47 | Crear | Villager (Male) |
| 5:51 | Investigar | Feudal Age |
| 6:09 | Construir | Mining Camp |
| 7:14 | Crear | Villager (Male) |
| 7:14 | Crear | Villager (Male) |
| 7:43 | Construir | Farm |
| 7:46 | Construir | Farm |
| 7:58 | Construir | Farm |
| 8:05 | Edad | Edad Feudal |
| 8:09 | Crear | Villager (Male) |
| 8:17 | Construir | Stable |
| 8:34 | Construir | Blacksmith |
| 9:36 | Investigar | Castle Age |
| 9:42 | Construir | House |
| 10:04 | Construir | Farm |
| 10:48 | Investigar | Horse Collar |
| 10:51 | Investigar | Double-Bit Axe |
| 11:21 | Crear | Villager (Male) |
| 11:59 | Crear | Villager (Male) |
| 12:06 | Crear | Villager (Male) |
| 12:16 | Edad | Edad de los Castillos |
| 12:44 | Construir | Town Center |
| 12:46 | Crear | Villager (Male) |
| 13:39 | Crear | Villager (Male) |
| 13:39 | Crear | Villager (Male) |
| 13:58 | Construir | Town Center |
| 14:08 | Crear | Villager (Male) |
| 14:16 | Investigar | Bow Saw |
| 14:26 | Crear | Villager (Male) |
| 14:29 | Crear | Villager (Male) |
| 14:49 | Investigar | Heavy Plow |
| 15:06 | Crear | Villager (Male) |
| 15:19 | Crear | Villager (Male) |
| 15:27 | Investigar | Stone Mining |
| 15:29 | Crear | Villager (Male) |
| 15:30 | Crear | Villager (Male) |
| 15:36 | Crear | Villager (Male) |
| 15:42 | Construir | Farm |
| 15:45 | Crear | Villager (Male) |
| 15:48 | Construir | Farm |
| 15:52 | Construir | Farm |
| 15:53 | Construir | Farm |
| 15:54 | Crear | Villager (Male) |
| 15:57 | Crear | Villager (Male) |
| 16:03 | Construir | Farm |
| 16:04 | Crear | Villager (Male) |
| 16:17 | Construir | Farm |
| 16:20 | Construir | Farm |
| 16:21 | Crear | Villager (Male) |
| 16:27 | Crear | Villager (Male) |
| 16:31 | Construir | Farm |
| 16:32 | Construir | Farm |
| 16:37 | Construir | Farm |
| 16:38 | Construir | Farm |
| 16:47 | Crear | Villager (Male) |
| 16:51 | Construir | Farm |
| 16:52 | Construir | Farm |
| 17:01 | Crear | Villager (Male) |
| 17:09 | Construir | Farm |
| 17:10 | Crear | Villager (Male) |
| 17:12 | Crear | Villager (Male) |
| 17:17 | Construir | Farm |
| 17:20 | Crear | Villager (Male) |
| 17:32 | Crear | Villager (Male) |
| 17:37 | Crear | Villager (Male) |
| 17:42 | Construir | Farm |
| 17:44 | Crear | Villager (Male) |
| 17:54 | Construir | Farm |
| 17:54 | Construir | Farm |
| 17:55 | Crear | Villager (Male) |
| 17:58 | Crear | Villager (Male) |
| 18:05 | Crear | Villager (Male) |
| 18:08 | Construir | Farm |
| 18:09 | Crear | Villager (Male) |
| 18:16 | Crear | Villager (Male) |
| 18:20 | Construir | Farm |
| 18:21 | Construir | Farm |
| 18:24 | Crear | Villager (Male) |
| 18:28 | Construir | House |
| 18:30 | Construir | House |
| 18:38 | Investigar | Wheelbarrow |
| 18:40 | Crear | Villager (Male) |
| 18:50 | Construir | House |
| 18:51 | Crear | Villager (Male) |
| 18:54 | Crear | Villager (Male) |
| 19:11 | Crear | Villager (Male) |
| 19:11 | Crear | Villager (Male) |
| 19:15 | Construir | Farm |
| 19:16 | Construir | Farm |
| 19:17 | Crear | Villager (Male) |
| 19:37 | Construir | House |
| 19:38 | Construir | House |
| 19:39 | Crear | Villager (Male) |
| 19:41 | Crear | Steppe Lancer |
| 19:41 | Crear | Steppe Lancer |
| 19:41 | Crear | Steppe Lancer |
| 19:50 | Construir | Stable |
| 19:52 | Crear | Villager (Male) |
| 19:55 | Crear | Villager (Male) |
| 19:58 | Construir | Farm |
| 20:02 | Construir | Farm |
| 20:05 | Construir | Farm |
| 20:09 | Crear | Villager (Male) |
| 20:12 | Construir | Farm |
| 20:13 | Construir | Farm |
| 20:14 | Construir | Farm |
| 20:17 | Crear | Villager (Male) |
| 20:30 | Construir | Farm |
| 20:31 | Construir | Farm |
| 20:31 | Construir | Farm |
| 20:31 | Construir | Farm |
| 20:34 | Crear | Villager (Male) |
| 20:42 | Construir | Farm |
| 20:45 | Construir | Farm |
| 20:46 | Construir | Farm |
| 20:49 | Crear | Villager (Male) |
| 20:55 | Construir | House |
| 20:56 | Construir | House |
| 20:59 | Crear | Steppe Lancer |
| 21:00 | Crear | Steppe Lancer |
| 21:00 | Crear | Steppe Lancer |
| 21:10 | Construir | Farm |
| 21:18 | Crear | Steppe Lancer |
| 21:24 | Construir | Farm |
| 21:26 | Construir | Farm |
| 21:28 | Construir | Farm |
| 21:33 | Crear | Villager (Male) |
| 21:40 | Construir | Farm |
| 21:43 | Crear | Villager (Male) |
| 21:44 | Construir | Farm |
| 22:02 | Crear | Villager (Male) |
| 22:05 | Construir | Farm |
| 22:11 | Investigar | Imperial Age |
Build order — fuzzzy83
Primeras 150 de 398 acciones detectadas
| 0:05 | Crear | Villager (Male) |
| 0:05 | Crear | Villager (Male) |
| 0:17 | Construir | Lumber Camp |
| 0:36 | Construir | Mill |
| 0:50 | Crear | Villager (Male) |
| 0:50 | Crear | Villager (Male) |
| 1:27 | Crear | Villager (Male) |
| 2:09 | Crear | Villager (Male) |
| 2:09 | Crear | Villager (Male) |
| 2:10 | Crear | Villager (Male) |
| 2:30 | Crear | Villager (Male) |
| 3:11 | Crear | Villager (Male) |
| 3:11 | Crear | Villager (Male) |
| 5:01 | Crear | Villager (Male) |
| 5:01 | Crear | Villager (Male) |
| 5:44 | Investigar | Feudal Age |
| 7:30 | Construir | Mining Camp |
| 7:57 | Crear | Villager (Male) |
| 8:00 | Edad | Edad Feudal |
| 8:30 | Crear | Villager (Male) |
| 8:49 | Construir | Market |
| 8:54 | Crear | Villager (Male) |
| 9:08 | Investigar | Horse Collar |
| 9:41 | Investigar | Castle Age |
| 9:49 | Investigar | Double-Bit Axe |
| 11:05 | Crear | Villager (Male) |
| 11:06 | Crear | Villager (Male) |
| 11:18 | Construir | Stable |
| 11:31 | Investigar | Wheelbarrow |
| 12:21 | Edad | Edad de los Castillos |
| 12:23 | Crear | Villager (Male) |
| 12:31 | Construir | Town Center |
| 12:42 | Construir | Town Center |
| 12:50 | Investigar | Bow Saw |
| 13:04 | Investigar | Heavy Plow |
| 13:10 | Crear | Villager (Male) |
| 13:34 | Crear | Villager (Male) |
| 13:42 | Construir | Farm |
| 13:45 | Construir | Farm |
| 14:08 | Construir | Farm |
| 14:13 | Construir | Farm |
| 14:16 | Crear | Villager (Male) |
| 14:20 | Crear | Villager (Male) |
| 14:37 | Crear | Villager (Male) |
| 14:37 | Crear | Villager (Male) |
| 14:42 | Construir | Farm |
| 14:48 | Construir | Farm |
| 14:52 | Crear | Villager (Male) |
| 15:06 | Crear | Villager (Male) |
| 15:11 | Construir | Farm |
| 15:15 | Construir | Farm |
| 15:20 | Construir | Farm |
| 15:33 | Construir | Farm |
| 15:35 | Crear | Villager (Male) ×2 |
| 15:40 | Construir | Farm |
| 15:44 | Construir | Farm |
| 15:48 | Construir | Farm |
| 15:52 | Crear | Villager (Male) ×2 |
| 15:59 | Crear | Villager (Male) |
| 16:05 | Construir | Farm |
| 16:09 | Construir | Farm |
| 16:12 | Crear | Villager (Male) |
| 16:19 | Crear | Villager (Male) |
| 16:45 | Construir | Siege Workshop |
| 16:50 | Crear | Villager (Male) ×5 |
| 16:58 | Construir | Mining Camp |
| 17:21 | Construir | House |
| 17:21 | Construir | House |
| 17:22 | Construir | House |
| 17:22 | Construir | House |
| 17:22 | Construir | House |
| 17:23 | Construir | House |
| 17:23 | Construir | House |
| 17:23 | Construir | House |
| 17:23 | Construir | House |
| 17:30 | Crear | Villager (Male) ×5 |
| 17:34 | Crear | Scorpion |
| 18:08 | Construir | Gate |
| 18:13 | Construir | Stone Wall |
| 18:17 | Crear | Villager (Male) ×5 |
| 18:20 | Crear | Scorpion |
| 18:21 | Crear | Scorpion |
| 18:39 | Investigar | Hand Cart |
| 18:42 | Crear | Villager (Male) |
| 18:51 | Crear | Scorpion |
| 18:57 | Crear | Scorpion |
| 19:07 | Crear | Villager (Male) ×3 |
| 19:19 | Investigar | Loom |
| 19:24 | Investigar | Gold Mining |
| 19:33 | Construir | Stone Wall |
| 19:39 | Crear | Villager (Male) ×4 |
| 19:56 | Construir | Farm |
| 19:56 | Construir | Farm |
| 19:56 | Construir | Farm |
| 19:57 | Construir | Farm |
| 19:58 | Construir | Farm |
| 19:58 | Construir | Farm |
| 20:16 | Construir | Gate |
| 20:22 | Construir | Stone Wall |
| 20:25 | Crear | Villager (Male) ×5 |
| 20:32 | Crear | Scorpion |
| 20:32 | Crear | Scorpion |
| 20:44 | Investigar | Town Watch |
| 20:52 | Construir | Farm |
| 20:53 | Construir | Farm |
| 20:53 | Construir | Farm |
| 20:53 | Construir | Farm |
| 21:04 | Construir | Farm |
| 21:04 | Construir | Farm |
| 21:04 | Construir | Farm |
| 21:05 | Construir | Farm |
| 21:05 | Construir | Farm |
| 21:06 | Construir | Farm |
| 21:07 | Construir | Farm |
| 21:11 | Crear | Villager (Male) |
| 21:11 | Crear | Villager (Male) |
| 21:11 | Crear | Villager (Male) |
| 21:29 | Construir | University |
| 21:36 | Construir | House |
| 21:36 | Construir | House |
| 21:37 | Construir | House |
| 21:37 | Construir | House |
| 21:37 | Construir | House |
| 21:37 | Construir | House |
| 21:42 | Crear | Scorpion |
| 22:01 | Crear | Villager (Male) |
| 22:01 | Crear | Villager (Male) |
| 22:01 | Crear | Villager (Male) |
| 22:27 | Investigar | Imperial Age |
| 22:30 | Crear | Villager (Male) ×4 |
| 22:54 | Investigar | Fortified Wall (upgrade) |
| 22:57 | Construir | House |
| 22:58 | Construir | House |
| 22:58 | Construir | House |
| 22:58 | Construir | House |
| 22:58 | Construir | House |
| 23:00 | Construir | House |
| 23:04 | Crear | Villager (Male) ×5 |
| 23:50 | Crear | Villager (Male) ×5 |
| 23:58 | Construir | Siege Workshop |
| 23:59 | Construir | Siege Workshop |
| 24:03 | Crear | Scorpion |
| 24:04 | Crear | Scorpion |
| 24:14 | Construir | Mining Camp |
| 24:22 | Investigar | Gold Shaft Mining |
| 24:23 | Investigar | Stone Mining |
| 24:25 | Crear | Villager (Male) ×5 |
| 24:29 | Investigar | Husbandry |
| 24:29 | Investigar | Bloodlines |
| 24:44 | Construir | Blacksmith |
Build order — BlueStaR
Primeras 150 de 494 acciones detectadas
| 0:03 | Crear | Villager (Male) |
| 0:04 | Crear | Villager (Male) |
| 0:04 | Crear | Villager (Male) |
| 0:04 | Crear | Villager (Male) |
| 0:04 | Crear | Villager (Male) |
| 0:23 | Construir | Lumber Camp |
| 0:32 | Construir | Mill |
| 1:24 | Crear | Villager (Male) |
| 1:24 | Crear | Villager (Male) |
| 1:55 | Crear | Villager (Male) |
| 2:44 | Crear | Villager (Male) |
| 3:07 | Crear | Villager (Male) |
| 3:07 | Crear | Villager (Male) |
| 3:37 | Crear | Villager (Male) |
| 4:22 | Crear | Villager (Male) |
| 4:45 | Construir | Mining Camp |
| 4:47 | Crear | Villager (Male) |
| 5:04 | Crear | Villager (Male) |
| 5:25 | Crear | Villager (Male) |
| 5:33 | Construir | Farm |
| 5:45 | Construir | Farm |
| 5:46 | Construir | Farm |
| 5:49 | Construir | Farm |
| 5:50 | Construir | Farm |
| 6:34 | Crear | Villager (Male) |
| 6:35 | Crear | Villager (Male) |
| 6:36 | Investigar | Feudal Age |
| 6:41 | Construir | Lumber Camp |
| 7:58 | Crear | Villager (Male) |
| 7:58 | Crear | Villager (Male) |
| 9:28 | Crear | Villager (Male) |
| 9:34 | Edad | Edad Feudal |
| 9:38 | Construir | Blacksmith |
| 9:45 | Construir | Market |
| 9:55 | Investigar | Horse Collar |
| 9:56 | Investigar | Double-Bit Axe |
| 10:32 | Investigar | Gold Mining |
| 10:48 | Crear | Villager (Male) |
| 11:01 | Construir | Barracks |
| 11:06 | Crear | Villager (Male) |
| 11:20 | Construir | Mining Camp |
| 11:36 | Crear | Villager (Male) |
| 11:52 | Investigar | Stone Mining |
| 12:07 | Investigar | Castle Age |
| 13:24 | Crear | Villager (Male) |
| 13:24 | Crear | Villager (Male) |
| 14:47 | Edad | Edad de los Castillos |
| 14:51 | Construir | Town Center |
| 15:02 | Construir | Siege Workshop |
| 15:05 | Crear | Woad Raider |
| 15:05 | Crear | Woad Raider |
| 15:06 | Crear | Woad Raider |
| 15:06 | Crear | Woad Raider |
| 15:06 | Crear | Woad Raider |
| 15:07 | Crear | Woad Raider |
| 15:07 | Crear | Woad Raider |
| 15:07 | Crear | Woad Raider |
| 15:45 | Crear | Villager (Male) |
| 15:54 | Construir | Town Center |
| 16:08 | Crear | Battering Ram |
| 16:23 | Investigar | Pikeman (upgrade) |
| 16:26 | Crear | Spearman |
| 16:26 | Crear | Spearman |
| 16:26 | Crear | Spearman |
| 16:33 | Investigar | Loom |
| 16:43 | Crear | Villager (Male) |
| 17:04 | Crear | Spearman |
| 17:19 | Crear | Battering Ram |
| 17:24 | Crear | Spearman |
| 17:24 | Crear | Spearman |
| 17:24 | Crear | Spearman |
| 17:30 | Construir | Farm |
| 17:30 | Construir | Farm |
| 17:31 | Construir | Farm |
| 17:37 | Construir | Farm |
| 18:04 | Crear | Villager (Male) |
| 18:05 | Crear | Villager (Male) |
| 18:11 | Construir | Farm |
| 18:12 | Construir | Farm |
| 18:13 | Construir | Farm |
| 18:16 | Crear | Villager (Male) |
| 18:31 | Construir | Farm |
| 18:32 | Construir | Farm |
| 18:33 | Construir | Farm |
| 18:38 | Crear | Villager (Male) |
| 18:38 | Crear | Villager (Male) |
| 19:13 | Crear | Spearman |
| 19:13 | Crear | Spearman |
| 19:13 | Crear | Spearman |
| 19:13 | Crear | Spearman |
| 19:14 | Crear | Spearman |
| 19:25 | Crear | Villager (Male) |
| 19:34 | Crear | Villager (Male) |
| 19:40 | Crear | Mangonel |
| 19:46 | Crear | Villager (Male) |
| 19:46 | Crear | Villager (Male) |
| 19:55 | Crear | Spearman |
| 19:55 | Crear | Spearman |
| 20:25 | Construir | House |
| 20:27 | Construir | House |
| 20:38 | Construir | House |
| 20:52 | Crear | Spearman ×5 |
| 20:53 | Crear | Spearman ×5 |
| 20:53 | Crear | Spearman ×4 |
| 21:06 | Construir | Castle |
| 21:19 | Crear | Villager (Male) |
| 21:20 | Crear | Villager (Male) |
| 21:20 | Crear | Villager (Male) |
| 21:20 | Crear | Villager (Male) |
| 21:48 | Construir | House |
| 21:51 | Construir | Barracks |
| 21:53 | Crear | Spearman ×5 |
| 22:03 | Crear | Villager (Male) |
| 22:04 | Construir | Farm |
| 22:05 | Crear | Villager (Male) |
| 22:26 | Construir | Stone Wall |
| 23:03 | Crear | Villager (Male) |
| 23:03 | Crear | Villager (Male) |
| 23:03 | Crear | Villager (Male) |
| 23:04 | Crear | Villager (Male) |
| 23:13 | Construir | Farm |
| 23:13 | Crear | Villager (Male) |
| 23:14 | Crear | Villager (Male) |
| 23:14 | Crear | Villager (Male) |
| 23:29 | Crear | Villager (Male) |
| 23:29 | Crear | Villager (Male) |
| 23:35 | Construir | Farm |
| 23:36 | Construir | Farm |
| 23:46 | Construir | House |
| 23:52 | Crear | Villager (Male) |
| 23:52 | Crear | Villager (Male) |
| 24:22 | Construir | Farm |
| 24:25 | Construir | Farm |
| 24:26 | Construir | Farm |
| 24:27 | Crear | Villager (Male) |
| 24:27 | Crear | Villager (Male) |
| 24:27 | Crear | Villager (Male) |
| 24:28 | Crear | Villager (Male) |
| 24:28 | Crear | Villager (Male) |
| 24:31 | Construir | House |
| 24:39 | Construir | Farm |
| 25:02 | Investigar | Scale Mail Armor |
| 25:02 | Investigar | Forging |
| 25:06 | Investigar | Forging |
| 25:15 | Crear | Mangonel |
| 25:43 | Construir | Farm |
| 25:57 | Construir | Farm |
| 26:39 | Investigar | Imperial Age |
| 26:48 | Investigar | Heavy Plow |
| 26:50 | Construir | Farm |
Build order — Antjies
Primeras 150 de 471 acciones detectadas
| 0:08 | Construir | Lumber Camp |
| 0:21 | Crear | Villager (Male) |
| 0:28 | Crear | Villager (Male) |
| 0:28 | Crear | Villager (Male) |
| 0:29 | Crear | Villager (Male) |
| 1:18 | Crear | Villager (Male) |
| 2:05 | Crear | Villager (Male) |
| 2:27 | Crear | Villager (Male) |
| 2:40 | Crear | Villager (Male) |
| 3:02 | Crear | Villager (Male) |
| 3:24 | Construir | Mill |
| 3:51 | Crear | Villager (Male) |
| 4:22 | Construir | Lumber Camp |
| 4:29 | Crear | Villager (Male) |
| 4:58 | Construir | Mining Camp |
| 5:03 | Crear | Villager (Male) |
| 5:13 | Investigar | Feudal Age |
| 5:39 | Crear | Villager (Male) |
| 5:43 | Investigar | Loom |
| 5:45 | Crear | Villager (Male) |
| 6:35 | Crear | Villager (Male) |
| 7:03 | Investigar | Loom |
| 7:04 | Crear | Villager (Male) |
| 7:04 | Crear | Villager (Male) |
| 7:38 | Edad | Edad Feudal |
| 7:43 | Construir | Market |
| 7:55 | Construir | Blacksmith |
| 8:15 | Construir | Farm |
| 8:15 | Construir | Farm |
| 8:26 | Construir | Farm |
| 8:41 | Crear | Villager (Male) |
| 8:52 | Construir | Farm |
| 9:05 | Crear | Villager (Male) |
| 9:17 | Construir | Farm |
| 9:39 | Crear | Villager (Male) |
| 9:42 | Construir | Farm |
| 10:11 | Construir | Farm |
| 10:19 | Investigar | Castle Age |
| 10:39 | Crear | Villager (Male) |
| 10:52 | Investigar | Double-Bit Axe |
| 11:08 | Investigar | Horse Collar |
| 11:24 | Investigar | Gold Mining |
| 11:49 | Crear | Villager (Male) |
| 12:26 | Construir | Farm |
| 12:32 | Crear | Villager (Male) |
| 12:40 | Investigar | Scale Barding Armor |
| 12:45 | Investigar | Forging |
| 12:59 | Edad | Edad de los Castillos |
| 13:18 | Construir | Stable |
| 13:27 | Crear | Tarkan |
| 13:29 | Crear | Villager (Male) |
| 13:34 | Crear | Villager (Male) |
| 13:55 | Crear | Villager (Male) |
| 14:22 | Crear | Tarkan |
| 14:34 | Construir | Farm |
| 14:39 | Investigar | Bloodlines |
| 14:43 | Construir | Farm |
| 14:49 | Crear | Tarkan |
| 14:54 | Construir | Farm |
| 15:06 | Crear | Tarkan |
| 15:17 | Construir | Farm |
| 15:26 | Crear | Tarkan |
| 15:42 | Crear | Villager (Male) |
| 15:47 | Construir | Farm |
| 16:08 | Crear | Tarkan |
| 16:19 | Crear | Villager (Male) |
| 16:20 | Construir | Farm |
| 16:43 | Investigar | Chain Barding Armor |
| 16:54 | Construir | Farm |
| 16:58 | Crear | Villager (Male) |
| 17:07 | Crear | Tarkan |
| 17:17 | Crear | Villager (Male) |
| 17:25 | Crear | Villager (Male) |
| 17:42 | Construir | Town Center |
| 17:53 | Construir | Farm |
| 17:56 | Construir | Farm |
| 18:02 | Construir | Farm |
| 18:05 | Crear | Villager (Male) |
| 18:07 | Crear | Tarkan |
| 18:07 | Crear | Tarkan |
| 19:00 | Crear | Tarkan |
| 19:00 | Crear | Tarkan |
| 19:01 | Crear | Tarkan |
| 19:01 | Crear | Tarkan |
| 19:09 | Crear | Villager (Male) |
| 19:09 | Crear | Villager (Male) |
| 19:24 | Construir | Gate |
| 19:41 | Crear | Villager (Male) |
| 19:46 | Crear | Tarkan |
| 19:48 | Crear | Villager (Male) |
| 19:56 | Crear | Villager (Male) |
| 20:25 | Crear | Villager (Male) |
| 20:35 | Crear | Tarkan |
| 20:35 | Crear | Tarkan |
| 21:01 | Crear | Villager (Male) |
| 21:01 | Crear | Villager (Male) |
| 21:01 | Crear | Villager (Male) |
| 21:06 | Crear | Villager (Male) |
| 21:31 | Crear | Villager (Male) |
| 21:31 | Crear | Villager (Male) |
| 21:38 | Crear | Villager (Male) |
| 21:38 | Crear | Villager (Male) |
| 21:45 | Investigar | Wheelbarrow |
| 22:07 | Crear | Villager (Male) |
| 22:15 | Construir | Town Center |
| 22:18 | Crear | Villager (Male) |
| 22:19 | Crear | Villager (Male) |
| 22:23 | Crear | Villager (Male) |
| 22:23 | Crear | Villager (Male) |
| 22:49 | Crear | Villager (Male) |
| 23:03 | Crear | Villager (Male) |
| 23:04 | Crear | Villager (Male) |
| 23:05 | Crear | Villager (Male) |
| 23:33 | Crear | Villager (Male) |
| 23:34 | Crear | Tarkan |
| 23:35 | Crear | Tarkan |
| 23:35 | Crear | Tarkan |
| 23:46 | Investigar | Marauders |
| 23:57 | Crear | Villager (Male) |
| 23:58 | Crear | Villager (Male) |
| 24:23 | Crear | Villager (Male) |
| 24:24 | Crear | Villager (Male) |
| 24:28 | Investigar | Bow Saw |
| 24:32 | Investigar | Husbandry |
| 25:09 | Crear | Villager (Male) |
| 25:09 | Crear | Villager (Male) |
| 25:10 | Crear | Villager (Male) |
| 25:10 | Crear | Villager (Male) |
| 25:13 | Construir | Farm |
| 25:13 | Construir | Farm |
| 25:33 | Crear | Tarkan |
| 25:34 | Crear | Tarkan |
| 25:34 | Crear | Tarkan |
| 25:41 | Construir | Stable |
| 25:49 | Construir | Stable |
| 25:51 | Construir | Stable |
| 26:14 | Crear | Villager (Male) |
| 26:14 | Crear | Villager (Male) |
| 26:18 | Crear | Villager (Male) |
| 26:18 | Crear | Villager (Male) |
| 26:20 | Construir | Monastery |
| 26:24 | Construir | University |
| 26:25 | Crear | Villager (Male) |
| 26:26 | Crear | Villager (Male) |
| 26:28 | Construir | Farm |
| 26:48 | Crear | Tarkan |
| 26:48 | Crear | Tarkan |
| 26:49 | Crear | Tarkan |
| 26:49 | Crear | Tarkan |
| 26:59 | Construir | Town Center |
Build order — Faufau
Primeras 150 de 570 acciones detectadas
| 0:03 | Crear | Villager (Male) |
| 0:21 | Construir | Mill |
| 0:22 | Crear | Villager (Male) |
| 0:30 | Crear | Villager (Male) |
| 0:40 | Crear | Villager (Male) |
| 1:01 | Construir | Lumber Camp |
| 1:29 | Crear | Villager (Male) |
| 1:41 | Crear | Villager (Male) |
| 1:55 | Crear | Villager (Male) |
| 2:12 | Crear | Villager (Male) |
| 2:33 | Crear | Villager (Male) |
| 2:55 | Crear | Villager (Male) |
| 3:14 | Construir | Mining Camp |
| 3:21 | Crear | Villager (Male) |
| 3:37 | Construir | Farm |
| 3:52 | Crear | Villager (Male) |
| 4:20 | Construir | Farm |
| 5:00 | Crear | Villager (Male) |
| 5:27 | Investigar | Feudal Age |
| 5:27 | Investigar | Feudal Age |
| 6:17 | Construir | Farm |
| 7:01 | Crear | Villager (Male) |
| 7:01 | Crear | Villager (Male) |
| 7:38 | Edad | Edad Feudal |
| 7:40 | Construir | Market |
| 7:45 | Construir | Blacksmith |
| 8:56 | Investigar | Castle Age |
| 10:28 | Crear | Villager (Male) |
| 11:36 | Edad | Edad de los Castillos |
| 11:42 | Construir | Town Center |
| 11:50 | Construir | Town Center |
| 11:55 | Crear | Villager (Male) |
| 12:16 | Crear | Villager (Male) |
| 12:50 | Crear | Villager (Male) |
| 12:54 | Investigar | Double-Bit Axe |
| 13:05 | Crear | Villager (Male) |
| 13:08 | Crear | Villager (Male) |
| 13:09 | Crear | Villager (Male) |
| 13:19 | Crear | Villager (Male) |
| 13:22 | Crear | Villager (Male) |
| 13:27 | Crear | Villager (Male) |
| 13:35 | Construir | Monastery |
| 13:37 | Crear | Villager (Male) |
| 13:45 | Construir | Farm |
| 13:48 | Construir | Farm |
| 13:50 | Crear | Villager (Male) |
| 13:57 | Construir | Farm |
| 13:59 | Crear | Villager (Male) |
| 14:05 | Construir | Farm |
| 14:07 | Crear | Villager (Male) |
| 14:17 | Crear | Monk |
| 14:21 | Crear | Villager (Male) |
| 14:26 | Crear | Villager (Male) |
| 14:31 | Construir | Farm |
| 14:34 | Construir | Farm |
| 14:39 | Construir | Farm |
| 14:41 | Crear | Villager (Male) |
| 14:46 | Construir | Farm |
| 14:51 | Crear | Villager (Male) |
| 14:59 | Crear | Villager (Male) |
| 15:03 | Crear | Villager (Male) |
| 15:05 | Crear | Villager (Male) |
| 15:16 | Construir | Farm |
| 15:18 | Construir | Farm |
| 15:22 | Construir | Farm |
| 15:24 | Construir | Farm |
| 15:26 | Crear | Villager (Male) |
| 15:29 | Construir | Farm |
| 15:35 | Construir | Farm |
| 15:36 | Crear | Villager (Male) |
| 15:40 | Construir | Farm |
| 15:42 | Crear | Villager (Male) |
| 15:53 | Construir | Farm |
| 15:56 | Crear | Villager (Male) |
| 16:09 | Crear | Villager (Male) |
| 16:11 | Construir | Farm |
| 16:12 | Crear | Villager (Male) |
| 16:13 | Crear | Villager (Male) |
| 16:15 | Construir | Farm |
| 16:19 | Crear | Villager (Male) |
| 16:25 | Construir | House |
| 16:26 | Crear | Villager (Male) |
| 16:53 | Investigar | Wheelbarrow |
| 16:57 | Crear | Villager (Male) |
| 16:57 | Crear | Villager (Male) |
| 17:01 | Construir | House |
| 17:03 | Construir | House |
| 17:09 | Construir | House |
| 17:11 | Crear | Villager (Male) |
| 17:11 | Crear | Villager (Male) |
| 17:26 | Construir | Town Center |
| 17:29 | Crear | Villager (Male) |
| 17:35 | Crear | Villager (Male) |
| 17:39 | Investigar | Bow Saw |
| 17:49 | Crear | Villager (Male) |
| 18:03 | Crear | Villager (Male) |
| 18:05 | Crear | Villager (Male) |
| 18:17 | Construir | Farm |
| 18:19 | Construir | Farm |
| 18:26 | Construir | Farm |
| 18:29 | Construir | Farm |
| 18:30 | Construir | Farm |
| 18:33 | Crear | Villager (Male) |
| 18:37 | Crear | Villager (Male) |
| 18:38 | Crear | Villager (Male) |
| 18:41 | Construir | House |
| 18:43 | Construir | House |
| 18:52 | Construir | Gate |
| 18:54 | Construir | House |
| 18:55 | Crear | Villager (Male) |
| 19:00 | Crear | Villager (Male) |
| 19:05 | Construir | Farm |
| 19:06 | Construir | Farm |
| 19:08 | Construir | Farm |
| 19:10 | Construir | Farm |
| 19:10 | Construir | Farm |
| 19:12 | Crear | Villager (Male) |
| 19:21 | Construir | House |
| 19:23 | Construir | House |
| 19:25 | Construir | House |
| 19:30 | Construir | Farm |
| 19:31 | Crear | Villager (Male) |
| 19:35 | Crear | Villager (Male) |
| 19:38 | Construir | Farm |
| 19:39 | Crear | Villager (Male) |
| 19:39 | Crear | Villager (Male) |
| 19:40 | Crear | Villager (Male) |
| 19:41 | Crear | Villager (Male) |
| 19:41 | Crear | Villager (Male) |
| 19:42 | Crear | Villager (Male) |
| 19:51 | Crear | Villager (Male) |
| 19:56 | Investigar | Hand Cart |
| 20:01 | Crear | Villager (Male) |
| 20:04 | Construir | Farm |
| 20:19 | Construir | Stable |
| 20:21 | Crear | Villager (Male) |
| 20:21 | Crear | Villager (Male) |
| 20:22 | Crear | Villager (Male) |
| 20:39 | Crear | Villager (Male) |
| 20:39 | Crear | Villager (Male) |
| 20:39 | Crear | Villager (Male) |
| 20:49 | Crear | Villager (Male) |
| 20:49 | Crear | Villager (Male) |
| 20:57 | Crear | Villager (Male) |
| 21:06 | Construir | House |
| 21:07 | Construir | House |
| 21:08 | Construir | House |
| 21:13 | Crear | Villager (Male) |
| 21:17 | Construir | House |
| 21:19 | Construir | House |
Cronología de la partida
| 6:33 | [AJJRR] Minillop · first_building Barracks |
| 7:12 | Canderous Ordo · age_up feudal |
| 7:38 | Antjies · age_up feudal |
| 7:38 | Faufau · age_up feudal |
| 8:00 | fuzzzy83 · age_up feudal |
| 8:05 | Blondie · age_up feudal |
| 8:17 | Blondie · first_building Stable |
| 8:26 | Noël Flantier · age_up feudal |
| 8:47 | [AJJRR] Minillop · age_up feudal |
| 9:34 | BlueStaR · age_up feudal |
| 10:04 | Canderous Ordo · first_building Archery Range |
| 11:01 | BlueStaR · first_building Barracks |
| 11:18 | fuzzzy83 · first_building Stable |
| 11:36 | Faufau · age_up castle |
| 11:59 | Noël Flantier · age_up castle |
| 12:16 | Blondie · age_up castle |
| 12:20 | [AJJRR] Minillop · age_up castle |
| 12:21 | fuzzzy83 · age_up castle |
| 12:59 | Antjies · age_up castle |
| 13:18 | Antjies · first_building Stable |
| 13:24 | Faufau · first_market_sell 100 food |
| 13:26 | Faufau · first_market_buy 100 wood |
| 13:35 | Faufau · first_building Monastery |
| 13:45 | [AJJRR] Minillop · first_market_buy 100 wood |
| 14:47 | BlueStaR · age_up castle |
| 14:57 | Canderous Ordo · age_up castle |
| 15:02 | BlueStaR · first_building Siege Workshop |
| 15:04 | Noël Flantier · first_building Monastery |
| 15:28 | Canderous Ordo · first_building Castle |
| 16:03 | BlueStaR · first_market_buy 100 wood |
| 16:07 | [AJJRR] Minillop · first_building Monastery |
| 16:45 | fuzzzy83 · first_building Siege Workshop |
| 17:14 | BlueStaR · first_market_sell 100 stone |
| 17:19 | [AJJRR] Minillop · wall_segment Stone Wall x12 |
| 18:07 | Noël Flantier · wall_segment Stone Wall x1 |
| 18:13 | fuzzzy83 · wall_segment Stone Wall x5 |
| 18:35 | Canderous Ordo · wall_segment Stone Wall x13 |
| 19:33 | fuzzzy83 · wall_segment Stone Wall x15 |
| 19:50 | Noël Flantier · wall_segment Stone Wall x8 |
| 20:19 | Faufau · first_building Stable |
| 20:22 | fuzzzy83 · wall_segment Stone Wall x4 |
| 20:40 | Noël Flantier · first_building Archery Range |
| 20:49 | [AJJRR] Minillop · wall_segment Stone Wall x2 |
| 21:06 | BlueStaR · first_building Castle |
| 21:10 | [AJJRR] Minillop · first_building Castle |
| 21:56 | fuzzzy83 · first_market_sell 100 stone |
| 22:26 | BlueStaR · wall_segment Stone Wall x10 |
| 22:52 | Blondie · first_building Castle |
| 22:58 | Canderous Ordo · first_building Siege Workshop |
| 23:54 | Canderous Ordo · first_building Monastery |
| 24:16 | Noël Flantier · first_market_sell 100 wood |
| 24:39 | Canderous Ordo · wall_segment Stone Wall x11 |
| 24:42 | Canderous Ordo · wall_segment Stone Wall x11 |
| 25:21 | Blondie · age_up imperial |
| 25:25 | Noël Flantier · first_building Castle |
| 25:34 | Faufau · age_up imperial |
| 25:37 | fuzzzy83 · age_up imperial |
| 25:56 | Noël Flantier · first_building Siege Workshop |
| 26:20 | Antjies · first_building Monastery |
| 26:44 | Faufau · first_building Siege Workshop |
| 27:00 | Canderous Ordo · wall_segment Stone Wall x9 |
| 27:04 | Canderous Ordo · wall_segment Stone Wall x13 |
| 27:13 | Antjies · wall_segment Stone Wall x9 |
| 27:15 | Antjies · wall_segment Stone Wall x1 |
| 27:17 | Antjies · wall_segment Stone Wall x1 |
| 27:31 | Noël Flantier · age_up imperial |
| 28:19 | BlueStaR · wall_segment Stone Wall x9 |
| 28:51 | Blondie · first_building Siege Workshop |
| 29:00 | Noël Flantier · first_building Barracks |
| 29:11 | Blondie · wall_segment Stone Wall x3 |
| 29:13 | Canderous Ordo · age_up imperial |
| 29:20 | Faufau · first_building Barracks |
| 29:49 | BlueStaR · age_up imperial |
| 30:18 | [AJJRR] Minillop · age_up imperial |
| 30:46 | Antjies · first_market_sell 500 wood |
| 31:17 | Antjies · first_market_buy 100 food |
| 33:19 | Canderous Ordo · first_market_sell 100 food |
| 34:50 | fuzzzy83 · first_building Castle |
| 35:03 | [AJJRR] Minillop · first_market_sell 500 wood |
| 35:05 | Antjies · age_up imperial |
| 38:40 | [AJJRR] Minillop · first_building Stable |
| 40:47 | Faufau · first_building Castle |
| 41:55 | Blondie · first_market_sell 500 food |
| 48:06 | Antjies · wall_segment Stone Wall x7 |
| 48:50 | Noël Flantier · wall_segment Stone Wall x1 |
| 48:51 | Noël Flantier · wall_segment Stone Wall x1 |
| 49:31 | Antjies · first_building Castle |
| 57:17 | Antjies · wall_segment Stone Wall x4 |
| 57:27 | Blondie · wall_segment Stone Wall x6 |
| 58:28 | Noël Flantier · first_building Stable |
| 60:21 | [AJJRR] Minillop · resign |
[ ANÁLISIS IA · 1 CRÉDITO ]
¿Qué pasó realmente en esta partida?
Wolo.gg analiza cada decisión: build order, eco, micro, errores típicos por bracket. Análisis personalizado por WhatsApp o Discord en 30 segundos.
Guía civ
Georgianos
Perfil
[AJJRR] Minillop